 Dungeon Crawl Stone Soup version 0.22-a0-408-g0c774a7e83 (webtiles) character file.

287607 RedPan the Peltast (level 19, -1/154 HPs)
             Began as a Demonspawn Monk on May 8, 2018.
             Was the Champion of Cheibriados.
             Splashed by a caustic shrike's acid (5 damage)
             ... on level 4 of the Depths on May 10, 2018.
             The game lasted 02:09:39 (38935 turns).

RedPan the Peltast (Demonspawn Monk)               Turns: 38935, Time: 02:09:40

Health: -1/154     AC: 30    Str: 39    XL:     19   Next: 86%
Magic:  20/27      EV: 16    Int: 26    God:    Cheibriados [******]
Gold:   1804       SH: 21    Dex: 41    Spells: 13/18 levels left

rFire    + + .     SeeInvis +   N - +9 demon whip (flame)
rCold    + . .     Gourm    .   C - +2 shield of Resistance {rF+ rC+ MR+}
rNeg     + + +     Faith    .   p - +5 plate armour {rPois}
rPois    +         Spirit   .   (helmet unavailable)
rElec    +         Reflect  .   M - +2 cloak
rCorr    .         Harm     .   s - +0 pair of gloves "Mavvob" {*Drain rN++ Dex+4 Stlth+}
MR       ++...                  l - +1 pair of boots
Stlth    ++++......             z - amulet of regeneration
HPRegen  1.75/turn              h - +5 ring of strength
MPRegen  0.20/turn              E - ring "Ofaihom" {rElec Dex+5 Stlth+}

@: corroded, regenerating, very slow
A: antennae 3, iridescent scales 3, fire resistance 1, negative energy
resistance 1, nightstalker 3, flame cloud immunity
}: 2/15 runes: barnacled, gossamer
a: Bend Time, Temporal Distortion, Slouch, Step From Time, Renounce Religion


You were on level 4 of the Depths.
You worshipped Cheibriados.
Cheibriados was exalted by your worship.
You were very hungry.

You visited 7 branches of the dungeon, and saw 37 of its levels.
You also visited: Sewer.

You collected 3259 gold pieces.
You spent 1455 gold pieces at shops.

Inventory:

Hand Weapons
 B - a +1 demon whip of electrocution
 N - a +9 demon whip of flaming (weapon)
Armour
 l - a +1 pair of boots (worn)
 p - a +5 plate armour of poison resistance (worn)
 s - the +0 pair of gloves "Mavvob" (worn) {*Drain rN++ Dex+4 Stlth+}
   (You found it on level 4 of the Dungeon)

   It affects your dexterity (+4).
   It greatly protects you from negative energy.
   It causes draining when unequipped.
   It makes you more stealthy.
 C - the +2 shield of Resistance (worn) {rF+ rC+ MR+}
   (You bought it in a shop on level 2 of the Orcish Mines)

   It protects you from fire.
   It protects you from cold.
   It affects your resistance to hostile enchantments.
 M - a +2 cloak (worn)
Jewellery
 h - a +5 ring of strength (left hand)
 z - an amulet of regeneration (around neck)
 E - the ring "Ofaihom" (right hand) {rElec Dex+5 Stlth+}
   (You found it on level 13 of the Dungeon)

   [ring of dexterity]

   It affects your dexterity (+5).
   It insulates you from electricity.
   It makes you more stealthy.
 F - an uncursed ring of poison resistance
 K - the ring of Cohuewk {Wiz Dex+4}
   (You found it on level 13 of the Dungeon)

   [ring of wizardry]

   It improves your spell success rate.
   It affects your dexterity (+4).
 Q - the ring of Fuosch {rCorr rPois MR- Str+4 SInv}
   (You found it on level 13 of the Dungeon)

   [ring of resist corrosion]

   It affects your strength (+4).
   It protects you from poison.
   It affects your resistance to hostile enchantments.
   It lets you see invisible.
 T - the ring "Ociez" {+Fly rF+ rN+ Str-3}
   (You found it on level 13 of the Dungeon)

   [ring of positive energy]

   It affects your strength (-3).
   It protects you from fire.
   It protects you from negative energy.
   It lets you fly.
 Z - an uncursed ring of fire
Wands
 d - a wand of paralysis (9)
 r - a wand of iceblast (29)
 y - a wand of acid (43)
 A - a wand of flame (169)
 P - a wand of polymorph (49)
 S - a wand of disintegration (12)
 X - a wand of scattershot (6)
Scrolls
 a - a scroll of brand weapon
 f - 12 scrolls of remove curse
 k - 14 scrolls of teleportation
 o - a scroll of fear
 t - 4 scrolls of enchant armour
 u - 4 scrolls of magic mapping
 w - 9 scrolls of amnesia
 H - a scroll of enchant weapon
 I - 6 scrolls of identify
 J - 4 scrolls of fog
 O - 2 scrolls of blinking
 W - a scroll of summoning
Potions
 b - 6 potions of lignification
 e - 8 potions of curing
 g - 6 potions of haste
 i - 5 potions of ambrosia
 j - 2 potions of resistance
 m - 4 potions of cancellation
 n - a potion of agility
 v - 6 potions of flight
 x - 5 potions of mutation
 G - 6 potions of brilliance
 R - a potion of berserk rage
 U - a potion of heal wounds
Comestibles
 c - 47 rations


   Skills:
 + Level 14.8 Fighting
 - Level 16.3 Maces & Flails
 + Level 12.5 Armour
 - Level 6.1 Dodging
 - Level 1.7 Stealth
 * Level 16.4 Shields
 - Level 5.2 Charms
 - Level 9.0 Necromancy
 - Level 7.0 Transmutations
 - Level 7.0 Earth Magic
 - Level 11.0 Invocations


You had 13 spell levels left.
You knew the following spells:

 Your Spells              Type           Power        Failure   Level  Hunger
a - Passwall              Tmut/Erth      #####.....   4%          2    ###....
b - Regeneration          Chrm/Necr      #####.....   9%          3    ####...


Dungeon Overview and Level Annotations

Branches:
Dungeon (15/15)            Temple (1/1) D:6            Lair (6/6) D:10
 Shoals (4/4) Lair:3       Spider (4/4) Lair:3        Slime (0/5) Lair:6
    Orc (2/2) D:12            Elf (0/3) Orc:2        Vaults (0/5) D:14
 Depths (5/5) D:15
    Zot: Depths:5

Altars:
Ashenzari
Cheibriados
Dithmenos
Elyvilon
Fedhas
Gozag
Hepliaklqana
Kikubaaqudgha
Makhleb
Nemelex Xobeh
Okawaru
Qazlal
Ru
Sif Muna
Trog
Uskayaw
Vehumet
Wu Jian
Xom
Yredelemnul
Zin
The Shining One
Beogh

Shops:
D:5 (*   D:8 :*   Orc:1 !   Orc:2 (=[*   Shoals:1 %

Portals:
Hell: Depths:1 Depths:2 Depths:4
Abyss: Depths:1 Depths:4
Pandemonium: Depths:4
Ziggurat: Depths:4


Innate Abilities, Weirdness & Mutations

You have a pair of large antennae on your head. (SInv)
You are completely covered in iridescent scales. (AC +6)
Your flesh is heat resistant. (rF+)
You resist negative energy. (rN+)
You are completely attuned to the shadows.
You are immune to clouds of flame.


Message History

The caustic shrike completely misses you.
You block the caustic shrike's attack.
You thrash the caustic shrike!! You burn the caustic shrike.
You kill the caustic shrike!
Cheibriados thoroughly appreciates the change of pace.
You block the caustic shrike's attack.
Okay, then.
Casting: Passwall (safe; 4% risk of failure)
Confirm with . or Enter, or press ? or * to list all spells.
Your skin crawls.
You are feeling very hungry.
You block the caustic shrike's attack.
The caustic shrike claws you but does no damage.
The flow of time bends around you.
The caustic shrike resists with some effort.
You feel slightly more hungry. You block the caustic shrike's attack.
The caustic shrike claws you!
* * * LOW HITPOINT WARNING * * *
You are splashed with acid!
The acid burns!
You die...

#.....'.>.'.....#+######.# #.#
####.[#.###.###........#.# ####
...##[.....###.#.≈§§≈≈.#.# #(^
##..######## #.#.≈###≈.#.# ####
##..(......###.#.§# #≈.#.#####.#.
##......##.....'.≈###≈.'.......#.
#############.##.≈≈§≈≈.####..###.
#......).})...##.b.....# #..###.
...###.).)#.#.##@......# #....'.
.###....###.#.##.......# ##.###.
##....###.....###'###'## #.# #.
....###.......# #.# #.# #.###.
..###....#.#..###.# #.######.#.'.
###....###.#..#...# #..........#.
#....###......#.### #.####>###.#.
...###....[...#.#####.# #.# #.#.
.###)...##....#.......####'###.#.


You could see a caustic shrike.

Vanquished Creatures
  A juggernaut (Depths:2)
  Saint Roka (Orc:2)
  2 caustic shrikes (Depths:4)
  the Enchantress (Depths:1)
  A lich (Depths:4)
  The ghost of feta the Bringer of Light, an adept FoFi of the Shining One (Depths:2)
  A tentacled monstrosity (Depths:2)
  Rupert (Orc:2)
  5 sphinxes
  A storm dragon (Depths:4)
  Donald (Orc:2)
  8 fire giants
  6 frost giants
  An iron dragon (Depths:4)
  2 orc warlords (Orc:2)
  3 ghost moths (Spider:4)
  8 emperor scorpions
  20 very ugly things
  7 stone giants
  4 spriggan defenders
  Nessos (D:12)
  A deep elf annihilator (Depths:4)
  5 spark wasps
  8 ettins
  8 merfolk impalers
  4 merfolk javelineers (Shoals:4)
  3 fire dragons
  4 yaktaur captains
  4 great orbs of eyes
  Erolcha (D:12)
  2 rakshasas
  6 ice dragons
  11 hydras
  2 merfolk avatars (Shoals:4)
  The ghost of AnimeWaifu the Spry, a journeyman FeMo of Cheibriados (Orc:2)
  3 catoblepae
  3 spriggan air magi
  3 ogre magi
  6 centaur warriors
  Erica (D:10)
  18 two-headed ogres
  5 death yaks (Lair:6)
  A merfolk aquamancer (Shoals:4)
  An alligator snapping turtle (Shoals:4)
  A death knight (D:14)
  3 deep troll shamans
  A tengu warrior (Depths:2)
  A vampire mage (Depths:2)
  A deep troll earth mage (Depths:4)
  3 orc high priests
  A titan zombie (Depths:4)
  4 spriggans
  3 spriggan berserkers
  Nergalle (Orc:1)
  11 hell knights (Depths:2)
  A shadow wraith (Depths:3)
  A skeletal warrior (D:13)
  An iron troll (Depths:4)
  A golden dragon zombie (Depths:2)
  5 unseen horrors
  5 deep trolls (Depths:4)
  2 flayed ghosts
  7 sea snakes
  A spectral anaconda (Depths:3)
  A glowing orange brain (D:15)
  A spectral hydra (Depths:2)
  2 wizards
  A kraken simulacrum (Shoals:4)
  4 harpies
  3 necromancers
  A deep elf mage (D:15)
  An orb spider (shapeshifter) (D:15)
  A shadow dragon zombie (Depths:4)
  A phantasmal warrior (Depths:3)
  A wolf spider zombie (D:14)
  3 cyclopes
  5 orc knights
  2 oklob plants (Lair:5)
  11 orb spiders
  4 orc sorcerers
  11 wolf spiders
  An iron dragon zombie (Depths:4)
  3 manticores
  A moth of wrath (Spider:4)
  38 ugly things
  An iron dragon skeleton (Depths:4)
  13 elephants
  An elephant (shapeshifter) (D:15)
  4 water nymphs
  3 centaur zombies
  4 black mambas
  2 torpor snails
  4 merfolk sirens
  Maurice (D:11)
  A frost giant skeleton (Depths:2)
  4 gargoyles
  2 rime drakes
  7 spiny frogs
  2 rime drakes (shapeshifter)
  A demonic crawler (Spider:3)
  22 yaktaurs
  3 freezing wraiths (D:14)
  6 komodo dragons
  A yaktaur (shapeshifter) (D:15)
  An efreet (D:15)
  The ghost of Stone the Sneak, a novice OpIE (D:5)
  2 trolls (shapeshifter) (Depths:1)
  2 polar bears (Lair:6)
  4 hornets
  16 jumping spiders
  7 merfolk
  5 blink frogs
  3 meliai (Lair:5)
  A queen bee (Lair:5)
  7 dream sheep (Lair:6)
  5 trolls
  A harpy skeleton (D:15)
  3 raiju (Depths:3)
  8 large abominations (Depths:1)
  13 slime creatures
  A frost giant simulacrum (Depths:4)
  6 hippogriffs
  A meliai zombie (D:10)
  3 snapping turtles
  37 redbacks
  A shadow (D:13)
  A wyvern (Lair:5)
  2 water elementals (Shoals:4)
  15 tarantellas
  2 vampires (D:14)
  A yak (shapeshifter) (D:13)
  2 spriggans (shapeshifter)
  7 wraiths
  Sigmund (D:6)
  A basilisk (shapeshifter) (D:15)
  3 basilisks
  2 chaos spawn (Depths:1)
  24 yaks
  3 hungry ghosts
  14 wargs
  7 water moccasins
  A floating eye (shapeshifter) (D:15)
  8 porcupines
  Purgy (Sewer)
  A hell hound (Depths:2)
  5 ice beasts
  5 sky beasts
  A sky beast (shapeshifter) (Depths:4)
  19 ogres
  36 orc warriors
  A black bear (D:12)
  5 phantoms
  44 wolves
  A necrophage (D:8)
  9 boggarts
  14 centaurs
  11 crocodiles
  A big kobold (D:7)
  13 bullfrogs
  3 small abominations (Depths:1)
  2 wyvern zombies (D:13)
  A wyvern skeleton (D:11)
  36 killer bees
  4 wights (D:15)
  9 howler monkeys
  2 electric eels (D:10)
  6 crimson imps
  3 jellies
  A quasit (D:6)
  23 orc priests
  6 hounds
  4 bullfrog skeletons
  3 centaur skeletons
  5 iguanas
  An iron imp (Depths:1)
  24 orc wizards
  6 worker ants
  6 hell rats (Lair:3)
  2 worker ant zombies
  8 gnolls (D:6)
  A howler monkey skeleton (D:4)
  16 adders
  6 river rats
  4 shadow imps
  2 oozes (Lair:6)
  An adder zombie (D:8)
  3 worms
  2 dart slugs
  4 leopard geckos
  82 orcs
  8 bats
  3 giant cockroaches
  8 goblins
  8 hobgoblins
  7 kobolds
  3 quokkas
  4 ball pythons
  7 frilled lizards
  A quokka skeleton (D:4)
  A quokka zombie (D:8)
  10 rats
  A bush (Shoals:2)
  A plant (D:10)
1136 creatures vanquished.

Vanquished Creatures (others)
  Ilsuiw (Shoals:4)
  An unseen horror (D:15)
  An orc wizard (Orc:2)
  2 orcs
  A bush (Lair:1)
  40 fungi
  18 plants
64 creatures vanquished.

Grand Total: 1200 creatures vanquished

Notes
Turn   | Place    | Note
-------+----------+-------------------------------------------
     0 | D:1      | RedPan the Demonspawn Monk began the quest for the Orb.
     0 | D:1      | Reached XP level 1. HP: 18/18 MP: 1/1
   526 | D:1      | Gained mutation: You have a pair of small antennae on your head. [demonic ancestry]
   526 | D:1      | Reached XP level 2. HP: 24/24 MP: 2/2
  1068 | D:2      | Gained mutation: Your flesh is heat resistant. (rF+) [demonic ancestry]
  1068 | D:2      | Reached XP level 3. HP: 21/29 MP: 3/3
  2048 | D:2      | Gained mutation: You are partially covered in iridescent scales. (AC +2) [demonic ancestry]
  2048 | D:2      | Reached XP level 4. HP: 21/35 MP: 4/4
  2955 | D:3      | Gained mutation: You are slightly more attuned to the shadows. [demonic ancestry]
  2955 | D:3      | Reached XP level 5. HP: 38/42 MP: 5/5
  3148 | D:3      | Found a bloodstained altar of Trog.
  3739 | D:4      | Got a pair of ichor-stained gloves
  3750 | D:4      | Identified the +0 pair of gloves "Mavvob" {*Drain rN++ Dex+4 Stlth+} (You found it on level 4 of the Dungeon)
  3850 | D:5      | Entered Level 5 of the Dungeon
  3890 | D:5      | Found Jom Qoz's Antique Weapon Shoppe.
  4008 | D:5      | Noticed Stone's ghost (novice OpIE)
  4019 | D:5      | Killed Stone's ghost
  4019 | D:5      | Reached skill level 5 in Maces & Flails
  4019 | D:5      | Gained mutation: You have a pair of antennae on your head. [demonic ancestry]
  4019 | D:5      | Reached XP level 6. HP: 39/48 MP: 6/6
  4113 | D:5      | Found a glowing drain.
  4117 | Sewer    | Entered a sewer
  4228 | Sewer    | Noticed Purgy
  4243 | Sewer    | Killed Purgy
  4243 | Sewer    | Reached XP level 7. HP: 40/54 MP: 7/7
  4920 | D:5      | Found Cilalued's General Store.
  4923 | D:5      | Bought 2 potions of heal wounds for 140 gold pieces
  5502 | D:6      | Found a staircase to the Ecumenical Temple.
  5509 | Temple   | Entered the Ecumenical Temple
  5626 | Temple   | Became a worshipper of Cheibriados the Contemplative
  5626 | Temple   | Reached * piety under Cheibriados
  5626 | Temple   | Reached ** piety under Cheibriados
  5706 | D:6      | Reached skill level 1 in Invocations
  5717 | D:6      | Reached skill level 5 in Dodging
  6013 | D:6      | Gained mutation: You are mostly covered in iridescent scales. (AC +4) [demonic ancestry]
  6013 | D:6      | Reached XP level 8. HP: 54/60 MP: 8/10
  6082 | D:6      | Noticed Sigmund
  6341 | D:6      | Reached *** piety under Cheibriados
  6366 | D:6      | Killed Sigmund
  6383 | D:6      | Reached skill level 5 in Invocations
  6758 | D:7      | Gained mutation: You have a pair of large antennae on your head. (SInv) [demonic ancestry]
  6758 | D:7      | Reached XP level 9. HP: 65/65 MP: 11/13
  6800 | D:7      | Reached skill level 1 in Armour
  6957 | D:7      | Found an iron altar of Okawaru.
  6957 | D:7      | Found a white marble altar of Elyvilon.
  6968 | D:7      | Found a shadowy altar of Dithmenos.
  6968 | D:7      | Found a shattered altar of Ashenzari.
  6993 | D:7      | Reached **** piety under Cheibriados
  7578 | D:8      | Found Cisedoj's Book Boutique.
  7974 | D:8      | Got a twisted leather armour
  8015 | D:8      | Identified the +2 leather armour of the Equinox {rElec rC+ Dex+4} (You found it on level 8 of the Dungeon)
  8046 | D:8      | Found Opleg's Demolitions Depot.
  8237 | D:8      | Reached skill level 10 in Maces & Flails
  8281 | D:8      | Reached XP level 10. HP: 69/71 MP: 15/15
  8613 | D:9      | Reached ***** piety under Cheibriados
  9107 | D:9      | Reached skill level 1 in Shields
  9205 | D:9      | Found a stormy altar of Qazlal.
  9338 | D:10     | Entered Level 10 of the Dungeon
  9376 | D:10     | Found a staircase to the Lair.
  9415 | D:10     | Noticed Erica
  9433 | D:10     | Killed Erica
  9433 | D:10     | Reached skill level 5 in Armour
 10314 | D:11     | Noticed a manticore
 10329 | D:11     | Killed a manticore
 10425 | D:11     | Gained mutation: You are completely covered in iridescent scales. (AC +6) [demonic ancestry]
 10425 | D:11     | Reached XP level 11. HP: 43/78 MP: 17/17
 10646 | D:11     | Found an iron altar of Okawaru.
 11217 | D:11     | Noticed Maurice
 11299 | D:11     | Killed Maurice
 11299 | D:11     | Reached skill level 5 in Fighting
 11771 | D:12     | HP: 4/80 [slime creature (7)]
 12127 | Lair:1   | Entered Level 1 of the Lair of Beasts
 12127 | Lair:1   | Noticed a five-headed hydra
 12140 | Lair:1   | Killed a five-headed hydra
 12576 | Lair:1   | Noticed a five-headed hydra
 12656 | Lair:1   | Noticed a six-headed hydra
 12670 | Lair:1   | Killed a six-headed hydra
 13227 | Lair:1   | Killed a five-headed hydra
 13700 | Lair:2   | Identified a scroll of acquirement
 14019 | Lair:2   | Reached skill level 5 in Shields
 14558 | Lair:3   | Found a staircase to the Shoals.
 14598 | Lair:3   | Gained mutation: You are significantly more attuned to the shadows. [demonic ancestry]
 14598 | Lair:3   | Reached XP level 12. HP: 89/89 MP: 18/18
 14697 | Lair:3   | Reached ****** piety under Cheibriados
 15024 | Lair:3   | Found a hole to the Spider Nest.
 17315 | Lair:5   | Noticed a five-headed hydra
 17329 | Lair:5   | Killed a five-headed hydra
 18337 | Lair:5   | Reached XP level 13. HP: 60/99 MP: 19/19
 18448 | Lair:6   | Entered Level 6 of the Lair of Beasts
 19756 | Lair:6   | Reached skill level 15 in Maces & Flails
 19919 | Lair:6   | Found a staircase to the Slime Pits.
 19931 | Lair:6   | Got an ancient scale mail
 19948 | Lair:6   | Identified the +1 scale mail of the Hare {rF- Int+3 SInv} (You found it on level 6 of the Lair of Beasts)
 20229 | Lair:6   | Reached skill level 10 in Fighting
 20960 | Lair:6   | Reached XP level 14. HP: 99/110 MP: 16/20
 21286 | D:12     | Noticed Nessos
 21291 | D:12     | Killed Nessos
 21365 | D:12     | Noticed Erolcha
 21375 | D:12     | Killed Erolcha
 21542 | D:12     | Found a staircase to the Orcish Mines.
 22214 | Orc:1    | Entered Level 1 of the Orcish Mines
 22335 | Orc:1    | Found a transporter.
 22441 | Orc:1    | Found a roughly hewn altar of Beogh.
 22455 | Orc:1    | Noticed Nergalle
 22474 | Orc:1    | Killed Nergalle
 22554 | Orc:1    | Found a transporter.
 22952 | Orc:1    | Found Waunk's Distillery.
 22977 | Orc:1    | Noticed an orc warlord
 23282 | Orc:2    | Entered Level 2 of the Orcish Mines
 23477 | Orc:2    | Killed an orc warlord
 23734 | Orc:2    | Noticed AnimeWaifu's ghost (journeyman FeMo)
 23739 | Orc:2    | Noticed Donald
 23744 | Orc:2    | Upgraded the game from 0.22-a0-404-g35e51767bf to 0.22-a0-407-gb098539405
 23744 | Orc:2    | Killed Donald
 23764 | Orc:2    | Killed AnimeWaifu's ghost
 24126 | Orc:2    | Found Ofautedi's Antique Weapon Emporium.
 24170 | Orc:2    | Noticed an orc warlord
 24192 | Orc:2    | Killed an orc warlord
 24192 | Orc:2    | Reached skill level 10 in Shields
 24465 | Orc:2    | Found a staircase to the Elven Halls.
 24474 | Orc:2    | Found Miagerov's Antique Armour Emporium.
 24518 | Orc:2    | Noticed Rupert
 24527 | Orc:2    | Paralysed by Rupert for 3 turns
 24532 | Orc:2    | Killed Rupert
 24546 | Orc:2    | Bought the +2 shield of Resistance {rF+ rC+ MR+} for 1315 gold pieces
 24546 | Orc:2    | Found the +2 shield of Resistance {rF+ rC+ MR+}
 24618 | Orc:2    | Found Cuptid's General Store.
 24653 | Orc:2    | Found Ofobaebbi's Jewellery Boutique.
 24671 | Orc:2    | Noticed Saint Roka
 24680 | Orc:2    | Reached skill level 10 in Invocations
 24702 | Orc:2    | Killed Saint Roka
 24702 | Orc:2    | Reached XP level 15. HP: 27/119 MP: 9/22
 25434 | D:13     | Got a coiled pewter ring
 25456 | D:13     | Identified the ring "Ofaihom" {rElec Dex+5 Stlth+} (You found it on level 13 of the Dungeon)
 25588 | D:13     | Found an iron altar of Okawaru.
 26029 | D:13     | Got a steaming lead ring
 26031 | D:13     | Identified the ring of Dixysh {+Fly AC+2} (You found it on level 13 of the Dungeon)
 26037 | D:13     | Got a crude silver ring
 26061 | D:13     | Got a bound platinum ring
 26064 | D:13     | Got a twitching amber ring
 26477 | D:14     | Learned a level 2 spell: Passwall
 26613 | D:14     | Reached skill level 1 in Earth Magic
 26638 | D:14     | Reached skill level 1 in Transmutations
 27422 | D:14     | Found a gate to the Vaults.
 27623 | D:15     | Entered Level 15 of the Dungeon
 28473 | D:15     | Found a staircase to the Depths.
 28775 | Shoals:1 | Entered Level 1 of the Shoals
 28836 | Shoals:1 | Identified the ring of Cohuewk {Wiz Dex+4} (You found it on level 13 of the Dungeon)
 28838 | Shoals:1 | Identified the ring of Fuosch {rCorr rPois MR- Str+4 SInv} (You found it on level 13 of the Dungeon)
 28840 | Shoals:1 | Identified the ring "Ociez" {+Fly rF+ rN+ Str-3} (You found it on level 13 of the Dungeon)
 28853 | Shoals:1 | Found Xethaj's Food Shop.
 29011 | Shoals:2 | Gained mutation: You resist negative energy. (rN+) [demonic ancestry]
 29011 | Shoals:2 | Reached XP level 16. HP: 127/127 MP: 24/24
 29023 | Shoals:2 | Reached skill level 5 in Transmutations
 29023 | Shoals:2 | Reached skill level 5 in Earth Magic
 29248 | Shoals:4 | Entered Level 4 of the Shoals
 29969 | Shoals:4 | Noticed Ilsuiw
 29988 | Shoals:4 | Killed Ilsuiw
 30094 | Shoals:4 | Got a barnacled rune of Zot
 30391 | Spider:1 | Entered Level 1 of the Spider Nest
 30547 | Spider:2 | Learned a level 3 spell: Regeneration
 30613 | Spider:3 | Reached skill level 1 in Necromancy
 30668 | Spider:3 | Reached skill level 1 in Charms
 31172 | Spider:4 | Entered Level 4 of the Spider Nest
 32206 | Spider:4 | Reached XP level 17. HP: 133/133 MP: 25/25
 32235 | Spider:4 | Reached skill level 5 in Necromancy
 32522 | Spider:4 | Reached skill level 5 in Charms
 32630 | Spider:4 | Got a gossamer rune of Zot
 32976 | Depths:1 | Entered Level 1 of the Depths
 33147 | Depths:1 | Noticed the Enchantress
 33202 | Depths:1 | Found a sparkling altar of Nemelex Xobeh.
 33855 | Depths:1 | Killed the Enchantress
 34037 | Depths:1 | Found a one-way gate to the infinite horrors of the Abyss.
 34290 | Depths:1 | Found a gateway to Hell.
 34544 | Depths:2 | Reached skill level 10 in Armour
 34887 | Depths:2 | Gained mutation: You are immune to clouds of flame. [demonic ancestry]
 34887 | Depths:2 | Reached XP level 18. HP: 142/142 MP: 26/26
 34889 | Depths:2 | Noticed a tentacled monstrosity
 34923 | Depths:2 | Killed a tentacled monstrosity
 34973 | Depths:2 | Noticed a juggernaut
 35006 | Depths:2 | Killed a juggernaut
 35724 | Depths:2 | Noticed feta's ghost (adept FoFi)
 35740 | Depths:2 | Killed feta's ghost
 36543 | Depths:2 | Reached skill level 15 in Shields
 36656 | Depths:3 | Gained mutation: You are completely attuned to the shadows. [demonic ancestry]
 36656 | Depths:3 | Reached XP level 19. HP: 141/151 MP: 27/27
 37217 | Depths:4 | Upgraded the game from 0.22-a0-407-gb098539405 to 0.22-a0-408-g0c774a7e83
 37329 | Depths:4 | Found a gateway to a ziggurat.
 37803 | Depths:4 | Noticed a lich
 37813 | Depths:4 | Killed a lich
 37853 | Depths:4 | Found a one-way gate leading to the halls of Pandemonium.
 38212 | Depths:4 | Found the ring of Shadows {Umbra +Inv Stlth+}
 38860 | Depths:5 | Entered Level 5 of the Depths
 38902 | Depths:5 | Noticed a caustic shrike
 38907 | Depths:5 | Noticed a caustic shrike
 38908 | Depths:5 | Noticed a caustic shrike
 38908 | Depths:5 | Noticed a caustic shrike
 38909 | Depths:5 | Noticed a caustic shrike
 38913 | Depths:5 | Noticed a caustic shrike
 38920 | Depths:4 | Killed a caustic shrike
 38933 | Depths:4 | Killed a caustic shrike
 38935 | Depths:4 | HP: 4/154 [caustic shrike (16)]
 38935 | Depths:4 | Splashed by a caustic shrike's acid

Vault maps used:
D:1:      lightli_arrival_chessboard, roderic_serpentine_path
D:3:      first_ration, minmay_misc_feat_columns, trog_three_pillars_becter
D:5:      lightli_sewer_entry_pipes, serial_shops,
          nicolae_shop_temple_entry_statues_fountains, shop
D:6:      temple_doors_ab, uniq_sigmund
D:7:      grunt_temple_overflow_cloverleaf
D:8:      serial_shops, shop, grunt_pizzeria, nicolae_blasting_shop
D:9:      nicolae_qazlal_style_of_elements
D:10:     david_lair_shrubbed, uniq_erica
D:11:     okawaru_ov_weapons_minmay, uniq_maurice
D:12:     erik_orc_3, uniq_erolcha, uniq_nessos
D:13:     minmay_the_grid_triangle_9x9_rhombus_thin,
          portal_ice_cave_entry_pillars_2, basic_altar
D:14:     david_vaults_4, roderic_lattice_a
D:15:     gammafunk_enter_depths_forms, hangedman_decor_riveting
Temple:   regret_index_temple_mists
Lair:1:   grunt_megastairs_2
Lair:3:   minmay_shoals_entry_centaurs, spider_nest_entry_webs, minmay_holes,
          nicolae_quartered_pool_medium
Lair:5:   regret_index_harrowing_hell_hive, lab_entry_generic,
          hangedman_lair_unloving_vines
Lair:6:   grunt_lair_end_beastmaster, nicolae_slime_entry_slimehenge,
          grunt_forest_large_clearings, grunt_megastairs_3
Shoals:1: serial_shops, shop
Shoals:2: yaktaur_hedge
Shoals:3: uniq_jorgrun, uniq_roxanne, uniq_polyphemus
Shoals:4: shoals_end_grunt_ice, shoal_ilsuiw
Spider:1: uniq_azrael, uniq_aizul
Spider:2: nicolae_spider_webbed_stairs
Spider:4: grunt_spider_rune_circles
Orc:1:    gammafunk_beogh_shrine, serial_shops, shop, uniq_nergalle
Orc:2:    grunt_orc_gardens, grunt_orc_garden, grunt_orc_garden,
          grunt_orc_garden, grunt_orc_garden, nicolae_orc_damp_corner,
          uniq_rupert, uniq_donald, uniq_saint_roka
Depths:1: grunt_hell_entry_dis_old, minmay_room_of_horrors,
          nemelex_xobeh_ov_fountains_minmay, uniq_enchantress
Depths:2: grunt_deathspiral_large, minmay_tree_intersection, hell_entry,
          hangedman_decor_opposing
Depths:3: lemuel_river_lethe, hell_entry, serial_shops, pan_entry,
          uniq_frederick
Depths:4: minmay_tri_box, enter_ziggurat_e, abyss_entry,
          pf_hell_entry_tar_spiral, pan_entry, minmay_item_behind_shaft,
          kennysheep_potato, infiniplex_staircase_split_hallway
Depths:5: grunt_zot_entry_gee_three, minmay_curled_crystal, hell_entry,
          minmay_variable_closet, grunt_absolute_annihilation
Sewer:    sewer_co_purgy_island

Skill      XL: |  1  2  3  4  5  6  7  8  9 10 11 12 13 14 15 16 17 18 19 |
---------------+----------------------------------------------------------+-----
Maces & Flails | 3 4 5 6 7 8 10 11 12 14 15 16 | 16.3
Dodging        | 3 4 5 6 |  6.1
Fighting       | 4 6 8 10 11 12 13 14 | 14.8
Invocations    | 2 5 7 9 10 11 | 11.0
Armour         | 3 5 6 7 9 10 11 12 | 12.5
Shields        | 2 5 7 9 10 11 12 13 15 16 | 16.4
Earth Magic    | 4 7 |  7.0
Transmutations | 4 7 |  7.0
Necromancy     | 4 9 |  9.0
Charms         | 4 5 |  5.2
Stealth        | |  1.7

Action                   |  1- 3 |  4- 6 |  7- 9 | 10-12 | 13-15 | 16-18 | 19-21 || total
-------------------------+-------+-------+-------+-------+-------+-------+-------++-------
Melee: Mace              |   137 |    36 |       |       |       |       |       ||   173
       Flail             |       |   137 |   424 |   718 |  1344 |   907 |       ||  3530
       Demon whip        |       |       |       |       |       |   646 |   441 ||  1087
 Cast: Regeneration      |       |       |       |       |       |    12 |     1 ||    13
       Passwall          |       |       |       |       |       |       |     2 ||     2
Invok: Bend Time         |       |       |       |     5 |    11 |     7 |     2 ||    25
       Slouch            |       |       |       |     5 |     8 |    14 |       ||    27
  Use: Potion            |     2 |     2 |     1 |     5 |     8 |    15 |       ||    33
       Scroll            |       |    10 |     6 |    11 |    17 |     7 |     3 ||    54
 Stab: Sleeping          |     4 |    10 |    11 |    25 |    19 |     6 |     8 ||    83
       Distracted        |       |       |     2 |     3 |     8 |     6 |       ||    19
       Invisible         |       |       |       |     4 |     1 |       |       ||     5
  Eat: Chunk             |     4 |     7 |    22 |    20 |    13 |    11 |     4 ||    81
       Ration            |       |       |       |       |       |     3 |       ||     3
Armor: Robe              |    34 |     9 |       |       |       |       |       ||    43
       Leather armour    |       |    42 |   126 |   174 |   107 |       |       ||   449
       Chain mail        |       |       |       |       |    34 |       |       ||    34
       Plate armour      |       |       |       |       |   154 |   516 |    82 ||   752
Dodge: Dodged            |   136 |   132 |   399 |   521 |   522 |   539 |    91 ||  2340
Block: Shield            |       |       |       |   487 |  1098 |  1312 |   262 ||  3159
       Reflection        |       |       |       |       |    15 |       |       ||    15

Table legend:
 A = Spawn XP
 B = Non-spawn XP
 C = Spawn XP percentage of total XP
 D = Spawn monster count
 E = Non-spawn monster count
 F = Spawn count percentage of total count
 G = Total turns spent on level
                    A         B        C        D         E        F      G
               +---------+---------+-------+---------+---------+-------+---------
         Total |       0 |  461518 |   0.0 |       0 |    1136 |   0.0 | 38935
               +---------+---------+-------+---------+---------+-------+---------
           D:1 |       0 |      26 |   0.0 |       0 |      16 |   0.0 |  1003
           D:2 |       0 |      75 |   0.0 |       0 |      16 |   0.0 |  1229
           D:3 |       0 |     153 |   0.0 |       0 |      30 |   0.0 |  1055
           D:4 |       0 |      58 |   0.0 |       0 |       5 |   0.0 |   567
           D:5 |       0 |     495 |   0.0 |       0 |      11 |   0.0 |  1337
           D:6 |       0 |    1709 |   0.0 |       0 |      40 |   0.0 |   993
           D:7 |       0 |    1512 |   0.0 |       0 |      35 |   0.0 |   884
           D:8 |       0 |    2786 |   0.0 |       0 |      36 |   0.0 |  1325
           D:9 |       0 |    1063 |   0.0 |       0 |      14 |   0.0 |   437
          D:10 |       0 |    2063 |   0.0 |       0 |      17 |   0.0 |  1080
          D:11 |       0 |    2891 |   0.0 |       0 |      26 |   0.0 |  1582
          D:12 |       0 |    7055 |   0.0 |       0 |      37 |   0.0 |  1375
          D:13 |       0 |   10993 |   0.0 |       0 |      33 |   0.0 |  1058
          D:14 |       0 |   19893 |   0.0 |       0 |      48 |   0.0 |  1414
          D:15 |       0 |   18865 |   0.0 |       0 |      39 |   0.0 |  1245
        Lair:1 |       0 |    4233 |   0.0 |       0 |      11 |   0.0 |  1623
        Lair:2 |       0 |    1203 |   0.0 |       0 |       7 |   0.0 |   841
        Lair:3 |       0 |    3261 |   0.0 |       0 |      22 |   0.0 |  1055
        Lair:4 |       0 |    4477 |   0.0 |       0 |      15 |   0.0 |  1532
        Lair:5 |       0 |   14146 |   0.0 |       0 |      72 |   0.0 |  2538
        Lair:6 |       0 |   22632 |   0.0 |       0 |      75 |   0.0 |  1631
      Shoals:1 |       0 |     936 |   0.0 |       0 |       3 |   0.0 |   243
      Shoals:2 |       0 |    4522 |   0.0 |       0 |       8 |   0.0 |   238
      Shoals:4 |       0 |   28984 |   0.0 |       0 |      41 |   0.0 |  1032
      Spider:1 |       0 |     439 |   0.0 |       0 |       2 |   0.0 |    37
      Spider:2 |       0 |    2869 |   0.0 |       0 |       8 |   0.0 |   283
      Spider:3 |       0 |   11854 |   0.0 |       0 |      32 |   0.0 |   675
      Spider:4 |       0 |   36325 |   0.0 |       0 |      66 |   0.0 |  1361
         Orc:1 |       0 |    8525 |   0.0 |       0 |      53 |   0.0 |  1294
         Orc:2 |       0 |   25984 |   0.0 |       0 |      72 |   0.0 |  1648
      Depths:1 |       0 |   34726 |   0.0 |       0 |      47 |   0.0 |  1278
      Depths:2 |       0 |   98149 |   0.0 |       0 |     109 |   0.0 |  2172
      Depths:3 |       0 |    8877 |   0.0 |       0 |      16 |   0.0 |   218
      Depths:4 |       0 |   74668 |   0.0 |       0 |      63 |   0.0 |  2050
      Depths:5 |       0 |    4924 |   0.0 |       0 |       4 |   0.0 |    56
         Sewer |       0 |     147 |   0.0 |       0 |       7 |   0.0 |   374
               +---------+---------+-------+---------+---------+-------+---------
